 Dungeon Crawl Stone Soup version 0.15-a0-1689-gfa11693 (webtiles) character file.

197 Riuzakis the Insei (level 5, 0/45 HPs)
             Began as a Draconian Transmuter on June 25, 2014.
             Slain by a crimson imp (3 damage)
             ... summoned by Eustachio
             ... on Level 4 of the Dungeon.
             The game lasted 00:30:39 (3340 turns).

Riuzakis the Insei (Draconian Transmuter)           Turns: 3340, Time: 00:30:40

HP   0/45        AC  4     Str 12      XL: 5   Next: 46%
MP   1/9         EV 19     Int 14      God:
Gold 182         SH  0     Dex 17      Spells:  2 memorised,  5 levels left

rFire  . . .     SeeInvis .     k - melded +2 sling (flame)
rCold  . . .     Clarity  .     (armour unavailable)
rNeg   . . .     rCorr    +     (shield currently unavailable)
rPois  x         rRot     .     (helmet currently unavailable)
rElec  .         Spirit   .     (cloak currently unavailable)
SustAb .         Warding  .     z - melded +0 pair of gloves
rMut   .         Stasis   .     (boots currently unavailable)
Gourm  .                        q - amulet of resist corrosion
MR     .....                    (no ring)
                                x - +2 ring of protection

@: spider-form, drained, not resistant to hostile enchantments, unstealthy
A: unfitting armour, (cold-blooded), AC +5
a: End Transformation


You were on level 4 of the Dungeon.
You were near starving.
You were in spider-form.
You visited 1 branch of the dungeon, and saw 4 of its levels.

You collected 182 gold pieces.

Inventory:

Hand weapons
 h - a +0 club
 k - a +2 sling of flaming (melded)
 u - a +0 dagger
 y - a +1 short sword of draining
Missiles
 b - 12 arrows
 m - 56 stones (quivered)
 r - 17 exploding sling bullets
 v - 10 arrows of frost
 F - 18 bolts
Armour
 z - a +0 pair of gloves (melded)
Magical devices
 C - a wand of magic darts (13) {unknown}
Comestibles
 a - 5 bread rations
 j - 2 beef jerkies
 l - a meat ration
Scrolls
 e - 4 scrolls of identify {unknown}
 g - 2 scrolls of enchant armour {unknown}
 i - 3 scrolls of fog {unknown}
 n - 2 scrolls of blinking {unknown}
 p - a scroll of noise {unknown}
 s - 2 scrolls of amnesia {unknown}
 t - a scroll of remove curse {unknown}
 E - a scroll of teleportation {unknown}
Jewellery
 q - an amulet of resist corrosion (around neck)
 x - a +2 ring of protection (left front leg)
 A - a +3 ring of evasion {unknown}
 B - a cursed ring of teleportation {unknown}
Potions
 f - 2 potions of heal wounds {unknown}
 o - 2 potions of might {unknown}
 w - a potion of paralysis {unknown}
 D - a potion of lignification {unknown}
Books
 d - a book of Changes

   Spells                             Type                      Level
   *Beastly Appendage                 Transmutation                1
   Sticks to Snakes                   Transmutation                2
   *Spider Form                       Transmutation/Poison         3
   Ice Form                           Ice/Transmutation            4
   Blade Hands                        Transmutation                5


   Skills:
 * Level 3.1 Fighting
 - Level 1.7 Dodging
 * Level 4.2 Unarmed Combat
 + Level 2.6 Spellcasting
 * Level 3.4 Transmutations


You had 5 spell levels left.
You knew the following spells:

 Your Spells              Type           Power        Failure   Level  Hunger
a - Beastly Appendage     Trmt           ##....       17%         1    #......
b - Spider Form           Trmt/Pois      #.........   61%         3    ####...


Dungeon Overview and Level Annotations

Branches:
Dungeon (4/15)
 Temple: D:4-7

Altars:

Annotations:
D:4 Eustachio


Innate Abilities, Weirdness & Mutations

((Your plain brown scales are hard (AC +5).))*
Your body does not fit into most forms of armour.
((Your cold-blooded metabolism reacts poorly to cold.))*


Message History

* * * LOW HITPOINT WARNING * * *
The quokka bites you.
* * * LOW HITPOINT WARNING * * *
Eustachio mumbles some strange words.
Eustachio blinks!
The bat completely misses you. The iron imp closely misses you.
Drink which item? (? for menu, Esc to quit)
You feel better. The bat completely misses you. The green rat bites you.
* * * LOW HITPOINT WARNING * * *
The quokka closely misses you. The shadow imp closely misses you.
Drink which item? (? for menu, Esc to quit)
You can't drink that!
Drink which item? (? for menu, Esc to quit)
You can't drink that!
Drink which item? (? for menu, Esc to quit)
You feel better. The quokka misses you. The green rat bites you.
* * * LOW HITPOINT WARNING * * *
The shadow imp misses you. The iron imp completely misses you.
The crimson imp hits you.
You die...

.# #.#
#.######
#.#....#
#...@...
##.......#
#........#
##r5.....##
#.s5b....#
#rr5...###
###..###
#..#
#.%#####
#..##..##
#.......##
#........##
#.........#


You could see Eustachio, an iron imp, a crimson imp, a green rat, a shadow imp,
a quokka, a bat and a rat.

Vanquished Creatures
  An orc priest (D:3)
  An orc wizard (D:3)
  Natasha (thrice) (D:3)
  Jessica (D:2)
  2 adders (D:3)
  A worm (D:2)
  5 giant geckos
  An ooze (D:3)
  7 orcs (D:3)
  3 bats
  3 giant cockroaches
  7 hobgoblins
  3 kobolds
  A quokka (D:4)
  2 ball pythons
  3 giant newts
  7 goblins
  7 rats
58 creatures vanquished.

Notes
Turn   | Place    | Note
--------------------------------------------------------------
     0 | D:1      | Riuzakis, the Draconian Transmuter, began the quest for the Orb.
     0 | D:1      | Reached XP level 1. HP: 16/16 MP: 3/3
   710 | D:1      | Reached XP level 2. HP: 20/23 MP: 2/4
  1624 | D:2      | Reached XP level 3. HP: 16/29 MP: 4/6
  1662 | D:2      | Learned a level 3 spell: Spider Form
  1777 | D:2      | Noticed Jessica
  1781 | D:2      | Killed Jessica
  2266 | D:3      | Reached XP level 4. HP: 25/37 MP: 1/7
  2373 | D:3      | Noticed Natasha
  2378 | D:3      | Killed Natasha
  2491 | D:3      | Noticed Natasha
  2503 | D:3      | Reached skill level 4 in Unarmed Combat
  2503 | D:3      | Reached XP level 5. HP: 24/44 MP: 3/9
  2508 | D:3      | Killed Natasha
  2947 | D:3      | Noticed Natasha
  2949 | D:3      | Killed Natasha
  3298 | D:4      | Noticed Eustachio
  3338 | D:4      | HP: 1/45 [quokka[Eustachio] (2)]
  3340 | D:4      | Slain by a crimson imp

Action                   |  1- 3 |  4- 6 || total
-------------------------+-------+-------++-------
Melee: Unarmed           |    25 |    47 ||    72
       Club              |    10 |       ||    10
 Fire: Sling             |    95 |    42 ||   137
 Cast: Beastly Appendage |     7 |       ||     7
       Spider Form       |     2 |     8 ||    10
  Use: Potion            |     1 |     4 ||     5
